Connexion

Roadrunners vs Thunderbirds

Created - 19 février 2024 at 05:55

Goals
1 2 3 T
Roadrunners 2 5 0 7
Thunderbirds 0 0 1 1
Shots
1 2 3 T
Roadrunners 8 17 7 32
Thunderbirds 10 11 10 31

GoalsPenalties
1st period
1. Roadrunners , Drake Caggiula 29 (Nicolas Hague 27, Aleksi Saarela 30) at 4:45
2. Roadrunners , Aleksi Saarela 22 (Nicolas Hague 28, Anthony Greco 41) at 13:49
Justin Kirkland (TUC) for Roughing (Minor) at 1:10
Lane Pederson (TUC) for Holding (Minor) at 5:21
2nd period
3. Roadrunners , Drake Caggiula 30 (Mac Hollowell 43, Anthony Greco 42) at 0:14
4. Roadrunners , Anthony Greco 34 (Drake Caggiula 38, Aleksi Saarela 31) at 5:33
5. Roadrunners , Kole Lind 14 (Beau Starret 10, Lane Pederson 21) at 11:19
6. Roadrunners , Gabriel Dumont 22 (Roland McKeown 13, Scott Wilson 38) at 12:46 (PP)
7. Roadrunners , Drake Caggiula 31 (Anthony Greco 43, Aleksi Saarela 32) at 18:49
Noel Acciari (SPR) for Roughing (Minor) at 9:07
Stuart Percy (SPR) for Cross-checking (Minor) at 11:59
Adam Erne (TUC) for Slashing (Minor) at 15:10
Justin Kirkland (TUC) for Hooking (Minor) at 19:35
3rd period
8. Thunderbirds , Stefan Noesen 27 (Sergei Boikov 15) at 10:59
Noah Juulsen (TUC) for Delaying the game (Minor) at 6:29
Adam Erne (TUC) for Tripping (Minor) at 8:41
Gabriel Dumont (TUC) for Holding (Minor) at 14:08
Goalie Stats
Calvin Pickard (TUC), 30 saves from 31 shots - (0,968), W, 27-20-3, 60:00 minutes
Hunter Miska (SPR), 9 saves from 13 shots - (0,692), L, 16-20-3, 25:33 minutes
Andrew D'Agostini (SPR), 16 saves from 19 shots - (0,842), 34:27 minutes
3 StarsOfficial
1 - Drake Caggiula (TUC)
2 - Anthony Greco (TUC)
3 - Aleksi Saarela (TUC)
Referees : Dan Marouelli and Rob Shick
Linesman : Jonny Murray and Andy McElman
Game Note
Andrew D'Agostini enters game at 5:33 of 2nd period
Drake Caggiula has scored a Hat Trick!
Finance
Level 1 -- Attendance: 1455 (72,75%) -- Ticket Income $58,200
Level 2 -- Attendance: 957 (95,70%) -- Ticket Income $19,140
Total Attendance: 2412 (80,40%)
Total Ticket Income: $77,340
Other Income: $15,468
Total Income: $92,808



Team Name Goals Shots Shots Attemp Shots Blocked PIM HIT PP PK FO%
Roadrunners 73258714201 / 2 (50%)051%
Thunderbirds 1315594190 / 7 (0%)149%

Roadrunners
Player Name POS G A P +/- PIM HIT SHT SB MP PP MP PP SHT PK MP PK SHT FO% FOT
Adam ErneLW/RW0000401011:160:0300:000100% 1
Aleksi SaarelaC/LW1345005021:481:3817:19064% 14
Anthony GrecoLW/RW1345004122:191:3807:50141% 17
Beau Starret C/LW011000006:280:0000:0000% 0
Brad HuntD0001021023:191:4816:3200% 0
Drake CaggiulaC/LW/RW3145006019:171:3804:48033% 3
Gabriel DumontC/RW1010203013:511:0510:000100% 2
Justin KirklandC/LW/RW0000420011:130:0000:00033% 9
Kevin RoyLW/RW0000010013:310:0302:1300% 2
Kole LindRW101000206:280:0000:0000% 0
Lane PedersonC011021106:300:0300:00033% 9
Mac HollowellD0111010121:561:0405:5300% 0
Nic DowdC/RW0000044118:541:0505:02069% 16
Nicolas HagueD0222011221:280:5507:1610% 0
Noah JuulsenD0002220015:410:3700:0000% 0
Roland McKeownD0113050120:120:2406:1800% 0
Scott WilsonC/LW0110003014:261:0510:3400% 0
Taylor FedunD0001011117:230:4411:4700% 0
Thunderbirds
Player Name POS G A P +/- PIM HIT SHT SB MP PP MP PP SHT PK MP PK SHT FO% FOT
Alex PetersD000-1010115:341:1500:0000% 0
Austin PoganskiRW000000105:190:0000:4600% 0
Bobby NardellaD000-3010221:595:4201:3500% 0
C.J. SmithLW000-4014019:519:0310:140100% 1
Chris WidemanD000-1000123:267:5501:1100% 0
Dawson LeedahlLW0001001013:590:0000:3900% 1
Felix GirardC000-100001:090:0000:1600% 0
Libor SulakD000-3013121:445:2711:3500% 0
Logan O'ConnorRW000-2020019:584:5000:1400% 2
Lucas ElvenesC000001004:330:0000:00075% 4
Michael ChaputC/LW000-2033020:184:5000:34053% 19
Noel AcciariC/RW000-4252020:099:0320:3300% 0
Nolan VeseyLW/RW000-2002220:184:5020:34050% 2
Paul StastnyC000-3004024:599:0321:42053% 30
Sergei BoikovD011-1032114:560:0000:3700% 0
Stefan NoesenRW1011006013:500:0000:0000% 0
Stelio MattheosC/RW0001001013:200:0000:00036% 14
Stuart PercyD000-1212121:507:2720:3400% 0



Play-by-Play

1st period


0:01 of 1st period - Paul Stastny wins face-off versus Aleksi Saarela in neutral zone.
0:18 of 1st period - Shot by Paul Stastny.
0:18 of 1st period - Stopped by Calvin Pickard without a rebound.
0:19 of 1st period - Gabriel Dumont wins face-off versus Michael Chaput in Roadrunners zone.
0:42 of 1st period - Shot by Nic Dowd.
0:42 of 1st period - Shot Blocked by Nolan Vesey.
1:09 of 1st period - Nolan Vesey is hit by Justin Kirkland and loses puck.
1:10 of 1st period - Minor Penalty to Justin Kirkland for Roughing.
1:11 of 1st period - Anthony Greco wins face-off versus Paul Stastny in Roadrunners zone.
1:46 of 1st period - Shot by Stuart Percy.
1:46 of 1st period - Stopped by Calvin Pickard with a rebound.
1:48 of 1st period - Shot by Stuart Percy.
1:48 of 1st period - Shot Misses the Net.
1:50 of 1st period - Shot by Chris Wideman.
1:50 of 1st period - Shot Misses the Net.
1:52 of 1st period - Shot by Stuart Percy.
1:52 of 1st period - Shot Misses the Net.
2:16 of 1st period - Michael Chaput is hit by Nicolas Hague and loses puck.
2:19 of 1st period - Shot by Libor Sulak.
2:19 of 1st period - Shot Blocked by Nic Dowd.
2:21 of 1st period - Shot by Nolan Vesey.
2:21 of 1st period - Stopped by Calvin Pickard without a rebound.
2:22 of 1st period - Paul Stastny wins face-off versus Drake Caggiula in Roadrunners zone.
2:38 of 1st period - Icing by Paul Stastny.
2:39 of 1st period - Paul Stastny wins face-off versus Anthony Greco in Thunderbirds zone.
3:19 of 1st period - Shot by Stelio Mattheos.
3:19 of 1st period - Stopped by Calvin Pickard without a rebound.
3:20 of 1st period - Adam Erne wins face-off versus Dawson Leedahl in Roadrunners zone.
4:45 of 1st period - Shot by Drake Caggiula.
4:45 of 1st period - Goal by Drake Caggiula - Roadrunners : 1 - Thunderbirds : 0.
4:46 of 1st period - Nic Dowd wins face-off versus Michael Chaput in neutral zone.
5:01 of 1st period - Shot by Logan O'Connor.
5:01 of 1st period - Shot Misses the Net.
5:16 of 1st period - Icing by Chris Wideman.
5:17 of 1st period - Michael Chaput wins face-off versus Lane Pederson in Thunderbirds zone.
5:21 of 1st period - Minor Penalty to Lane Pederson for Holding.
5:22 of 1st period - Anthony Greco wins face-off versus Paul Stastny in Roadrunners zone.
5:47 of 1st period - Shot by Noel Acciari.
5:47 of 1st period - Stopped by Calvin Pickard without a rebound.
5:48 of 1st period - Anthony Greco wins face-off versus Michael Chaput in Roadrunners zone.
6:18 of 1st period - Shot by Anthony Greco.
6:18 of 1st period - Stopped by Hunter Miska with a rebound.
6:20 of 1st period - Shot by Nicolas Hague.
6:20 of 1st period - Stopped by Hunter Miska without a rebound.
6:21 of 1st period - Paul Stastny wins face-off versus Anthony Greco in Thunderbirds zone.
6:45 of 1st period - Shot by Libor Sulak.
6:45 of 1st period - Shot Misses the Net.
6:47 of 1st period - Shot by Noel Acciari.
6:47 of 1st period - Shot Blocked by Nicolas Hague.
7:37 of 1st period - Icing by Noah Juulsen.
7:38 of 1st period - Michael Chaput wins face-off versus Justin Kirkland in Roadrunners zone.
7:38 of 1st period - Chris Wideman is hit by Noah Juulsen and loses puck.
7:47 of 1st period - Michael Chaput is hit by Justin Kirkland and loses puck.
7:56 of 1st period - Noah Juulsen is hit by Logan O'Connor and loses puck.
8:38 of 1st period - Shot by Anthony Greco.
8:38 of 1st period - Stopped by Hunter Miska without a rebound.
8:39 of 1st period - Paul Stastny wins face-off versus Nic Dowd in Thunderbirds zone.
8:39 of 1st period - Paul Stastny is hit by Nic Dowd.
9:28 of 1st period - Noel Acciari is hit by Nic Dowd and loses puck.
11:36 of 1st period - Shot by Paul Stastny.
11:36 of 1st period - Shot Misses the Net.
11:52 of 1st period - Shot by Sergei Boikov.
11:52 of 1st period - Shot Misses the Net.
11:54 of 1st period - Shot by C.J. Smith.
11:54 of 1st period - Stopped by Calvin Pickard without a rebound.
11:55 of 1st period - Stelio Mattheos wins face-off versus Justin Kirkland in Roadrunners zone.
12:18 of 1st period - Shot by Justin Kirkland.
12:18 of 1st period - Deflect By Kevin Roy.
12:18 of 1st period - Shot Blocked by Sergei Boikov.
12:58 of 1st period - Icing by Mac Hollowell.
12:59 of 1st period - Michael Chaput wins face-off versus Lane Pederson in Roadrunners zone.
13:07 of 1st period - Icing by Brad Hunt.
13:08 of 1st period - Lane Pederson wins face-off versus Michael Chaput in Roadrunners zone.
13:08 of 1st period - Kole Lind is hit by Michael Chaput and loses puck.
13:15 of 1st period - Shot by Michael Chaput.
13:15 of 1st period - Stopped by Calvin Pickard without a rebound.
13:16 of 1st period - Aleksi Saarela wins face-off versus Michael Chaput in Roadrunners zone.
13:29 of 1st period - Shot by Drake Caggiula.
13:29 of 1st period - Stopped by Hunter Miska with a rebound.
13:49 of 1st period - Shot by Aleksi Saarela.
13:49 of 1st period - Goal by Aleksi Saarela - Roadrunners : 2 - Thunderbirds : 0.
13:50 of 1st period - Nic Dowd wins face-off versus Paul Stastny in neutral zone.
14:04 of 1st period - Shot by Noel Acciari.
14:04 of 1st period - Deflect By C.J. Smith.
14:04 of 1st period - Stopped by Calvin Pickard without a rebound.
14:05 of 1st period - Stelio Mattheos wins face-off versus Lane Pederson in Roadrunners zone.
14:06 of 1st period - Shot by Stefan Noesen.
14:06 of 1st period - Stopped by Calvin Pickard without a rebound.
14:07 of 1st period - Drake Caggiula wins face-off versus Paul Stastny in Roadrunners zone.
14:07 of 1st period - Drake Caggiula is hit by Noel Acciari.
14:33 of 1st period - Shot by C.J. Smith.
14:33 of 1st period - Stopped by Calvin Pickard without a rebound.
14:34 of 1st period - Michael Chaput wins face-off versus Nic Dowd in Roadrunners zone.
14:34 of 1st period - Michael Chaput is hit by Roland McKeown.
14:56 of 1st period - Shot by Roland McKeown.
14:56 of 1st period - Shot Misses the Net.
14:58 of 1st period - Shot by Roland McKeown.
14:58 of 1st period - Shot Misses the Net.
15:28 of 1st period - Shot by Anthony Greco.
15:28 of 1st period - Stopped by Hunter Miska without a rebound.
15:29 of 1st period - C.J. Smith wins face-off versus Justin Kirkland in Thunderbirds zone.
15:41 of 1st period - Icing by Kevin Roy.
15:42 of 1st period - Stelio Mattheos wins face-off versus Justin Kirkland in Roadrunners zone.
15:51 of 1st period - Shot by Justin Kirkland.
15:51 of 1st period - Shot Blocked by Alex Peters.
15:53 of 1st period - Shot by Kevin Roy.
15:53 of 1st period - Shot Misses the Net.
16:18 of 1st period - Icing by Sergei Boikov.
16:19 of 1st period - Aleksi Saarela wins face-off versus Stelio Mattheos in Thunderbirds zone.
17:09 of 1st period - Shot by Nic Dowd.
17:09 of 1st period - Stopped by Hunter Miska without a rebound.
17:10 of 1st period - Nic Dowd wins face-off versus Logan O'Connor in Thunderbirds zone.
17:58 of 1st period - Icing by Taylor Fedun.
17:59 of 1st period - Lane Pederson wins face-off versus Paul Stastny in Roadrunners zone.
18:03 of 1st period - Icing by Lane Pederson.
18:04 of 1st period - Paul Stastny wins face-off versus Lane Pederson in Roadrunners zone.
18:04 of 1st period - Paul Stastny is hit by Noah Juulsen.
19:01 of 1st period - Stefan Noesen is hit by Taylor Fedun and loses puck.
19:43 of 1st period - Icing by Stefan Noesen.
19:44 of 1st period - Nic Dowd wins face-off versus Stelio Mattheos in Thunderbirds zone.
Goals for this period are 2 for Roadrunners vs 0 for Thunderbirds.
Shots for this period are 8 for Roadrunners vs 10 for Thunderbirds.

2nd period


0:01 of 2nd period - Aleksi Saarela wins face-off versus Paul Stastny in neutral zone.
0:10 of 2nd period - Shot by Drake Caggiula.
0:10 of 2nd period - Stopped by Hunter Miska with a rebound.
0:12 of 2nd period - Shot by Mac Hollowell.
0:12 of 2nd period - Shot Blocked by Stuart Percy.
0:14 of 2nd period - Shot by Drake Caggiula.
0:14 of 2nd period - Goal by Drake Caggiula - Roadrunners : 3 - Thunderbirds : 0.
0:15 of 2nd period - Michael Chaput wins face-off versus Nic Dowd in neutral zone.
0:15 of 2nd period - Michael Chaput is hit by Nic Dowd.
0:31 of 2nd period - Shot by Scott Wilson.
0:31 of 2nd period - Shot Blocked by Libor Sulak.
0:45 of 2nd period - Shot by Michael Chaput.
0:45 of 2nd period - Stopped by Calvin Pickard without a rebound.
0:46 of 2nd period - Anthony Greco wins face-off versus Paul Stastny in Roadrunners zone.
0:46 of 2nd period - Anthony Greco is hit by Noel Acciari.
1:57 of 2nd period - Shot by Adam Erne.
1:57 of 2nd period - Shot Misses the Net.
2:49 of 2nd period - Nolan Vesey is hit by Nic Dowd and loses puck.
2:54 of 2nd period - Shot by Gabriel Dumont.
2:54 of 2nd period - Stopped by Hunter Miska without a rebound.
2:55 of 2nd period - Paul Stastny wins face-off versus Lane Pederson in Thunderbirds zone.
2:55 of 2nd period - Paul Stastny is hit by Lane Pederson.
4:00 of 2nd period - Shot by Anthony Greco.
4:00 of 2nd period - Shot Blocked by Nolan Vesey.
4:02 of 2nd period - Shot by Drake Caggiula.
4:02 of 2nd period - Stopped by Hunter Miska without a rebound.
4:03 of 2nd period - Nic Dowd wins face-off versus Stelio Mattheos in Thunderbirds zone.
5:21 of 2nd period - Shot by Aleksi Saarela.
5:21 of 2nd period - Shot Misses the Net.
5:31 of 2nd period - Shot by Drake Caggiula.
5:31 of 2nd period - Shot Misses the Net.
5:33 of 2nd period - Shot by Anthony Greco.
5:33 of 2nd period - Goal by Anthony Greco - Roadrunners : 4 - Thunderbirds : 0.
5:33 of 2nd period - Andrew D'Agostini enters game.
5:34 of 2nd period - Justin Kirkland wins face-off versus Michael Chaput in neutral zone.
5:56 of 2nd period - Icing by Chris Wideman.
5:57 of 2nd period - Aleksi Saarela wins face-off versus Nolan Vesey in Thunderbirds zone.
6:33 of 2nd period - Taylor Fedun is hit by C.J. Smith and loses puck.
6:57 of 2nd period - Shot by Libor Sulak.
6:57 of 2nd period - Stopped by Calvin Pickard without a rebound.
6:58 of 2nd period - Stelio Mattheos wins face-off versus Justin Kirkland in Roadrunners zone.
6:59 of 2nd period - Shot by Sergei Boikov.
6:59 of 2nd period - Stopped by Calvin Pickard with a rebound.
7:01 of 2nd period - Shot by Stelio Mattheos.
7:01 of 2nd period - Shot Misses the Net.
7:16 of 2nd period - Shot by Stefan Noesen.
7:16 of 2nd period - Stopped by Calvin Pickard with a rebound.
7:18 of 2nd period - Shot by Stefan Noesen.
7:18 of 2nd period - Stopped by Calvin Pickard with a rebound.
7:32 of 2nd period - Shot by Stelio Mattheos.
7:32 of 2nd period - Shot Misses the Net.
7:34 of 2nd period - Shot by Alex Peters.
7:34 of 2nd period - Deflect By Stefan Noesen.
7:34 of 2nd period - Stopped by Calvin Pickard with a rebound.
8:04 of 2nd period - Austin Poganski is hit by Roland McKeown.
8:06 of 2nd period - Shot by Paul Stastny.
8:06 of 2nd period - Stopped by Calvin Pickard without a rebound.
8:07 of 2nd period - Nic Dowd wins face-off versus Logan O'Connor in Roadrunners zone.
8:07 of 2nd period - Nic Dowd is hit by Michael Chaput.
8:25 of 2nd period - Shot by Gabriel Dumont.
8:25 of 2nd period - Shot Misses the Net.
8:33 of 2nd period - Shot by Logan O'Connor.
8:33 of 2nd period - Shot Misses the Net.
9:06 of 2nd period - Scott Wilson is hit by Noel Acciari and loses puck.
9:07 of 2nd period - Minor Penalty to Noel Acciari for Roughing.
9:08 of 2nd period - Aleksi Saarela wins face-off versus Paul Stastny in Thunderbirds zone.
9:15 of 2nd period - Shot by Brad Hunt.
9:15 of 2nd period - Stopped by Andrew D'Agostini with a rebound.
10:40 of 2nd period - Shot by Scott Wilson.
10:40 of 2nd period - Stopped by Andrew D'Agostini with a rebound.
10:42 of 2nd period - Shot by Taylor Fedun.
10:42 of 2nd period - Stopped by Andrew D'Agostini with a rebound.
11:19 of 2nd period - Shot by Kole Lind.
11:19 of 2nd period - Goal by Kole Lind - Roadrunners : 5 - Thunderbirds : 0.
11:20 of 2nd period - Justin Kirkland wins face-off versus Lucas Elvenes in neutral zone.
11:26 of 2nd period - Nicolas Hague is hit by Alex Peters and loses puck.
11:30 of 2nd period - Icing by Sergei Boikov.
11:31 of 2nd period - Lucas Elvenes wins face-off versus Lane Pederson in Thunderbirds zone.
11:36 of 2nd period - Shot by Sergei Boikov.
11:36 of 2nd period - Shot Misses the Net.
11:38 of 2nd period - Shot by Austin Poganski.
11:38 of 2nd period - Shot Blocked by Taylor Fedun.
11:40 of 2nd period - Shot by Sergei Boikov.
11:40 of 2nd period - Stopped by Calvin Pickard without a rebound.
11:41 of 2nd period - Michael Chaput wins face-off versus Kevin Roy in Roadrunners zone.
11:51 of 2nd period - Justin Kirkland is hit by Logan O'Connor and loses puck.
11:59 of 2nd period - Minor Penalty to Stuart Percy for Cross-checking.
12:00 of 2nd period - Paul Stastny wins face-off versus Aleksi Saarela in Thunderbirds zone.
12:25 of 2nd period - Shot by Aleksi Saarela.
12:25 of 2nd period - Stopped by Andrew D'Agostini without a rebound.
12:26 of 2nd period - Nic Dowd wins face-off versus Paul Stastny in Thunderbirds zone.
12:26 of 2nd period - Nic Dowd is hit by Sergei Boikov.
12:38 of 2nd period - Shot by Nicolas Hague.
12:38 of 2nd period - Shot Misses the Net.
12:44 of 2nd period - Shot by Roland McKeown.
12:44 of 2nd period - Shot Hit the Post.
12:46 of 2nd period - Shot by Gabriel Dumont.
12:46 of 2nd period - Goal by Gabriel Dumont - Roadrunners : 6 - Thunderbirds : 0.
12:47 of 2nd period - Aleksi Saarela wins face-off versus Stelio Mattheos in neutral zone.
13:10 of 2nd period - Aleksi Saarela is hit by Bobby Nardella.
13:25 of 2nd period - Icing by Stefan Noesen.
13:26 of 2nd period - Nic Dowd wins face-off versus Stelio Mattheos in Thunderbirds zone.
13:27 of 2nd period - Shot by Gabriel Dumont.
13:27 of 2nd period - Stopped by Andrew D'Agostini without a rebound.
13:28 of 2nd period - Nic Dowd wins face-off versus Paul Stastny in Thunderbirds zone.
13:38 of 2nd period - Noel Acciari is hit by Brad Hunt and loses puck.
13:48 of 2nd period - Paul Stastny is hit by Mac Hollowell and loses puck.
14:00 of 2nd period - Mac Hollowell is hit by Stuart Percy.
14:04 of 2nd period - Shot by Gabriel Dumont.
14:04 of 2nd period - Shot Misses the Net.
14:13 of 2nd period - Icing by Paul Stastny.
14:14 of 2nd period - Paul Stastny wins face-off versus Aleksi Saarela in Thunderbirds zone.
14:23 of 2nd period - Shot by Aleksi Saarela.
14:23 of 2nd period - Stopped by Andrew D'Agostini without a rebound.
14:24 of 2nd period - Aleksi Saarela wins face-off versus Michael Chaput in Thunderbirds zone.
15:10 of 2nd period - Minor Penalty to Adam Erne for Slashing.
15:11 of 2nd period - Paul Stastny wins face-off versus Anthony Greco in Roadrunners zone.
15:29 of 2nd period - Shot by Paul Stastny.
15:29 of 2nd period - Stopped by Calvin Pickard without a rebound.
15:30 of 2nd period - Anthony Greco wins face-off versus Paul Stastny in Roadrunners zone.
15:59 of 2nd period - Shot by C.J. Smith.
15:59 of 2nd period - Shot Misses the Net.
17:33 of 2nd period - Shot by Lane Pederson.
17:33 of 2nd period - Stopped by Andrew D'Agostini with a rebound.
17:37 of 2nd period - Shot by Kole Lind.
17:37 of 2nd period - Stopped by Andrew D'Agostini without a rebound.
17:38 of 2nd period - Justin Kirkland wins face-off versus Michael Chaput in Thunderbirds zone.
17:52 of 2nd period - Bobby Nardella is hit by Roland McKeown and loses puck.
17:59 of 2nd period - Shot by Libor Sulak.
17:59 of 2nd period - Shot Misses the Net.
18:34 of 2nd period - Drake Caggiula is hit by Libor Sulak and loses puck.
18:37 of 2nd period - Shot by Aleksi Saarela.
18:37 of 2nd period - Stopped by Andrew D'Agostini with a rebound.
18:39 of 2nd period - Shot by Noah Juulsen.
18:39 of 2nd period - Deflect By Drake Caggiula.
18:39 of 2nd period - Shot Misses the Net.
18:47 of 2nd period - Shot by Drake Caggiula.
18:47 of 2nd period - Shot Misses the Net.
18:49 of 2nd period - Shot by Drake Caggiula.
18:49 of 2nd period - Goal by Drake Caggiula - Roadrunners : 7 - Thunderbirds : 0.
18:50 of 2nd period - Lucas Elvenes wins face-off versus Nic Dowd in neutral zone.
19:15 of 2nd period - Shot by Austin Poganski.
19:15 of 2nd period - Stopped by Calvin Pickard without a rebound.
19:16 of 2nd period - Aleksi Saarela wins face-off versus Stelio Mattheos in Roadrunners zone.
19:30 of 2nd period - Icing by Sergei Boikov.
19:31 of 2nd period - Stelio Mattheos wins face-off versus Justin Kirkland in Thunderbirds zone.
19:35 of 2nd period - Minor Penalty to Justin Kirkland for Hooking.
19:36 of 2nd period - Paul Stastny wins face-off versus Anthony Greco in Roadrunners zone.
19:39 of 2nd period - Shot by C.J. Smith.
19:39 of 2nd period - Stopped by Calvin Pickard with a rebound.
Goals for this period are 5 for Roadrunners vs 0 for Thunderbirds.
Shots for this period are 17 for Roadrunners vs 11 for Thunderbirds.

3rd period


0:01 of 3rd period - Paul Stastny wins face-off versus Anthony Greco in neutral zone.
0:38 of 3rd period - Shot by Stuart Percy.
0:38 of 3rd period - Shot Blocked by Roland McKeown.
2:59 of 3rd period - Icing by Libor Sulak.
3:00 of 3rd period - Michael Chaput wins face-off versus Anthony Greco in Thunderbirds zone.
4:01 of 3rd period - Shot by Gabriel Dumont.
4:01 of 3rd period - Shot Misses the Net.
4:03 of 3rd period - Shot by Scott Wilson.
4:03 of 3rd period - Stopped by Andrew D'Agostini with a rebound.
4:09 of 3rd period - Shot by Scott Wilson.
4:09 of 3rd period - Stopped by Andrew D'Agostini with a rebound.
4:14 of 3rd period - Nic Dowd is hit by Sergei Boikov and loses puck.
4:20 of 3rd period - Nic Dowd is hit by Sergei Boikov and loses puck.
4:45 of 3rd period - Shot by Mac Hollowell.
4:45 of 3rd period - Shot Blocked by Chris Wideman.
5:33 of 3rd period - Shot by Libor Sulak.
5:33 of 3rd period - Stopped by Calvin Pickard with a rebound.
6:17 of 3rd period - Anthony Greco is hit by Noel Acciari and loses puck.
6:29 of 3rd period - Minor Penalty to Noah Juulsen for Delaying the game.
6:30 of 3rd period - Paul Stastny wins face-off versus Anthony Greco in Roadrunners zone.
6:30 of 3rd period - Libor Sulak is hit by Roland McKeown and loses puck.
6:41 of 3rd period - Shot by C.J. Smith.
6:41 of 3rd period - Shot Misses the Net.
6:43 of 3rd period - Shot by Stuart Percy.
6:43 of 3rd period - Shot Misses the Net.
6:45 of 3rd period - Shot by Stuart Percy.
6:45 of 3rd period - Stopped by Calvin Pickard without a rebound.
6:46 of 3rd period - Michael Chaput wins face-off versus Anthony Greco in Roadrunners zone.
6:47 of 3rd period - Shot by Stuart Percy.
6:47 of 3rd period - Shot Misses the Net.
7:38 of 3rd period - Icing by Bobby Nardella.
7:39 of 3rd period - Anthony Greco wins face-off versus Paul Stastny in Thunderbirds zone.
7:50 of 3rd period - Shot by Noel Acciari.
7:50 of 3rd period - Shot Misses the Net.
7:52 of 3rd period - Shot by C.J. Smith.
7:52 of 3rd period - Shot Blocked by Anthony Greco.
7:54 of 3rd period - Shot by Noel Acciari.
7:54 of 3rd period - Stopped by Calvin Pickard without a rebound.
7:55 of 3rd period - Paul Stastny wins face-off versus Drake Caggiula in Roadrunners zone.
8:12 of 3rd period - Shot by Paul Stastny.
8:12 of 3rd period - Stopped by Calvin Pickard without a rebound.
8:13 of 3rd period - Michael Chaput wins face-off versus Anthony Greco in Roadrunners zone.
8:18 of 3rd period - Shot by Chris Wideman.
8:18 of 3rd period - Shot Blocked by Nicolas Hague.
8:41 of 3rd period - Minor Penalty to Adam Erne for Tripping.
8:42 of 3rd period - Anthony Greco wins face-off versus Paul Stastny in Roadrunners zone.
8:42 of 3rd period - Anthony Greco is hit by Noel Acciari.
10:16 of 3rd period - Icing by Noel Acciari.
10:17 of 3rd period - Paul Stastny wins face-off versus Kevin Roy in Thunderbirds zone.
10:17 of 3rd period - Paul Stastny is hit by Kevin Roy.
10:59 of 3rd period - Shot by Stefan Noesen.
10:59 of 3rd period - Goal by Stefan Noesen - Roadrunners : 7 - Thunderbirds : 1.
11:00 of 3rd period - Lucas Elvenes wins face-off versus Nic Dowd in neutral zone.
11:03 of 3rd period - Scott Wilson is hit by Lucas Elvenes and loses puck.
11:17 of 3rd period - Shot by Nic Dowd.
11:17 of 3rd period - Stopped by Andrew D'Agostini with a rebound.
11:23 of 3rd period - Shot by Gabriel Dumont.
11:23 of 3rd period - Shot Blocked by Bobby Nardella.
11:25 of 3rd period - Shot by Scott Wilson.
11:25 of 3rd period - Shot Blocked by Bobby Nardella.
11:27 of 3rd period - Shot by Nic Dowd.
11:27 of 3rd period - Deflect By Scott Wilson.
11:27 of 3rd period - Shot Misses the Net.
11:29 of 3rd period - Shot by Noah Juulsen.
11:29 of 3rd period - Shot Misses the Net.
12:12 of 3rd period - Shot by Dawson Leedahl.
12:12 of 3rd period - Stopped by Calvin Pickard without a rebound.
12:13 of 3rd period - Michael Chaput wins face-off versus Aleksi Saarela in Roadrunners zone.
12:44 of 3rd period - Shot by Michael Chaput.
12:44 of 3rd period - Shot Blocked by Mac Hollowell.
13:36 of 3rd period - Stefan Noesen is hit by Roland McKeown.
14:08 of 3rd period - Minor Penalty to Gabriel Dumont for Holding.
14:09 of 3rd period - Paul Stastny wins face-off versus Anthony Greco in Roadrunners zone.
14:09 of 3rd period - Libor Sulak is hit by Brad Hunt and loses puck.
15:00 of 3rd period - Shot by Nolan Vesey.
15:00 of 3rd period - Stopped by Calvin Pickard without a rebound.
15:01 of 3rd period - Nolan Vesey wins face-off versus Aleksi Saarela in Roadrunners zone.
15:58 of 3rd period - Shot by Libor Sulak.
15:58 of 3rd period - Stopped by Calvin Pickard with a rebound.
16:36 of 3rd period - Shot by Adam Erne.
16:36 of 3rd period - Stopped by Andrew D'Agostini without a rebound.
16:37 of 3rd period - Lane Pederson wins face-off versus Michael Chaput in Thunderbirds zone.
16:58 of 3rd period - Shot by Michael Chaput.
16:58 of 3rd period - Stopped by Calvin Pickard without a rebound.
16:59 of 3rd period - Gabriel Dumont wins face-off versus Paul Stastny in Roadrunners zone.
18:53 of 3rd period - Anthony Greco is hit by Michael Chaput.
19:09 of 3rd period - Shot by Anthony Greco.
19:09 of 3rd period - Shot Misses the Net.
19:11 of 3rd period - Shot by Aleksi Saarela.
19:11 of 3rd period - The goal is going for a video replay.
19:11 of 3rd period - The goal is refused.
19:12 of 3rd period - Nic Dowd wins face-off versus Stelio Mattheos in Thunderbirds zone.
19:17 of 3rd period - Shot by Nic Dowd.
19:17 of 3rd period - Stopped by Andrew D'Agostini with a rebound.
19:19 of 3rd period - Shot by Gabriel Dumont.
19:19 of 3rd period - Shot Misses the Net.
19:21 of 3rd period - Shot by Nic Dowd.
19:21 of 3rd period - Stopped by Andrew D'Agostini with a rebound.
19:26 of 3rd period - Icing by Alex Peters.
19:27 of 3rd period - Aleksi Saarela wins face-off versus Stelio Mattheos in Thunderbirds zone.
19:42 of 3rd period - Shot by Stefan Noesen.
19:42 of 3rd period - Stopped by Calvin Pickard with a rebound.
19:58 of 3rd period - Icing by Stefan Noesen.
19:59 of 3rd period - Nic Dowd wins face-off versus Stelio Mattheos in Thunderbirds zone.
Goals for this period are 0 for Roadrunners vs 1 for Thunderbirds.
Shots for this period are 7 for Roadrunners vs 10 for Thunderbirds.